Arrhythmia, chaotic female vampiric Convict ^ ------ --------- ---|- ---- #.>...| |.......-############################..<.| |..| #|....| |.......| ----------- |...| |@_| #|....| |........#### |.........| |...| -@-- #|....| |......%| # %.........|#####%###))...# $ 0 #|....| |.......| ##%#)%..%......|# --.--# %# #------ ------[-- )% |%.........# ## # ## ## # ####|..%......|# $ # # $ # # # $ # |.........|# # ### # # )# ### -----------# # # #% $ # ----+---# # # ########0 ### # |.([%[.|# # ##### # # ------..------# |....%.|# ### -.----|---- #[# #..............# |.......# # |..........)#####%|.......[....| * |......| ### |.........| ### |....#....(..| -------- # |.........| # |............| ##..........| $ #%.............| -----|--.-- $ -------------- # # Arrhythmia the Outlaw Experience level: 14 Strength: 16 Dexterity: 14 Constitution: 20 Intelligence: 11 Wisdom: 7 Charisma: 7 Health: 0(140) Energy: 67(67) AC: -10 Gold: 0 Moves: 9775 Your Inventory: Armor e - an [uncursed] burnt +0 robe (being worn) h - an uncursed +0 pair of leather gloves (being worn) j - an uncursed +0 dwarvish mithril-coat (being worn) o - an [uncursed] +2 blue and green shield [elven] (being worn) p - a [blessed] +5 leather hat [elven leather helm] (being worn) q - an [uncursed] +0 pair of elven boots (being worn) Scrolls W - 2 [uncursed] scrolls called Tele [of teleportation] Potions l - an [uncursed] black potion [of blindness] r - an [uncursed] potion of full healing Rings S - a [cursed] plain ring [of hunger] Wands A - an [uncursed] wand of magic missile [0:5] L - an [uncursed] maple wand [of create monster (0:14)] N - an [uncursed] wand of fire [0:6] O - an [uncursed] wand called Nohold [of teleportation (0:8)] P - an [uncursed] wand of digging [0:3] Q - an [uncursed] wand called Nohold [of teleportation (0:5)] R - an [uncursed] wand of cold [0:6] T - an [uncursed] wand of lightning [0:3] Tools a - an [uncursed +0] unicorn horn F - an uncursed lock pick G - an uncursed towel H - an uncursed stethoscope Iron balls c - an uncursed corroded heavy iron ball (chained to you) (weapon in hand) Spells known in the end: Name Level Category Fail Memory a - sleep 1 enchantment 100% [||||||||] Your skills at the end: Fighting Skills body armor [Basic / Skilled] Weapon Skills flail [Expert / Expert] sling [Basic / Skilled] Spellcasting Skills Final Attributes: You had transgressed. Hunger level was 468. Your alignment was -1357 / 58. Monster difficulty range was 1 - 11. Level difficulty was 9. You were immune to poison. You were immune to level-drain. You were immune to sickness. You were punished. You were stealthy. You could fly. You could survive without air. You regenerated. Your luck was zero. You are dead. Vanquished creatures: 48 guards 2 black puddings 2 large mimics a wumpus a long worm a small mimic a glass piercer 2 warhorses a xan 2 trolls a freezing sphere a flaming sphere a large cat 3 tigers a gargoyle 2 tengu 2 ochre jellies a stone giant an elf mummy a red naga a wraith an incubus 2 chameleons a giant beetle 2 quivering blobs a cockatrice 2 winter wolf cubs 33 leprechauns a mumak 2 giant spiders a scorpion a gnome king an orc mummy a gold golem a lizard a chickatrice a dog 2 housecats a dwarf lord a white unicorn a gray unicorn 2 gnome mummies an ape 4 human zombies a rope golem 7 Woodland-elves a water nymph 25 Mordor orcs 5 Uruk-hai 2 rock piercers 7 enormous rats 2 rock moles a pony a fog cloud a yellow light a shrieker a violet fungus 4 gnome lords 4 gnomish wizards a kobold mummy a golden naga hatchling a gray ooze a straw golem 5 giant ants a little dog 2 floating eyes a kitten 6 dwarves a kobold lord 12 hill orcs 3 rothes 2 rabid rats a giant bat 2 orc zombies a dwarf zombie 3 iguanas 2 acid blobs a coyote 7 hobbits 5 manes 3 hobgoblins a giant rat 2 cave spiders a brown mold a red mold 28 gnomes 3 garter snakes 4 geckos 3 jackals a fox 4 goblins 3 sewer rats 10 grid bugs 7 lichens 6 newts 339 creatures vanquished. Voluntary challenges: You went without food. You never hit with a wielded weapon. You read items or engraved 9 times. You put on armor 42 times. You never genocided any monsters. You never polymorphed an object. You never changed form. You used no wishes. You abstained from Elbereth's help. You never encountered a bones level. You never used any Sokoban shortcuts. Dungeon overview: The Dungeons of Doom: levels 1 to 9 Level 1 a long staircase Level 2 (Succ) a potion shop, a fountain, a sink stairs to The Gnomish Mines Level 3 (Succ) Level 4 ( ) a delicatessen, a sink Level 5 (Ninfa) a fountain Level 6 a fountain Level 7 many fountains Level 8 (Vault) a general store, a fountain stairs to Sokoban Level 9 (Vault) <- You were here a sink The Gnomish Mines: levels 3 to 5 Level 3 stairs to The Dungeons of Doom Level 5 many shops, a temple, a magic chest, some fountains Sokoban: Level 7 a magic chest stairs to The Dungeons of Doom History has recorded: On T:1 you entered the Dungeons of Doom to retrieve the Amulet of Yendor! On T:373 you reached level 2 of The Dungeons of Doom. On T:620 you advanced to experience level 2. On T:767 you advanced to experience level 3. On T:885 you reached level 1 of The Gnomish Mines. On T:936 you advanced to experience level 4. On T:987 you advanced to experience level 5. On T:1355 you reached level 2 of The Gnomish Mines. On T:1362 you advanced to experience level 6. On T:1559 you advanced to experience level 7. On T:1700 you reached level 3 of The Gnomish Mines. On T:2858 you advanced to experience level 8. On T:3674 you reached level 3 of The Dungeons of Doom. On T:3985 you reached level 4 of The Dungeons of Doom. On T:4649 you reached level 5 of The Dungeons of Doom. On T:4994 you advanced to experience level 9. On T:5001 you reached level 6 of The Dungeons of Doom. On T:5863 you reached level 7 of The Dungeons of Doom. On T:6318 you advanced to experience level 10. On T:6381 you reached level 8 of The Dungeons of Doom. On T:6747 you reached level 9 of The Dungeons of Doom. On T:6794 you reached level 3 of Sokoban. On T:8225 you advanced to experience level 11. On T:9578 you advanced to experience level 12. On T:9580 you advanced to experience level 13. On T:9741 you advanced to experience level 14. Latest messages: The guard hits! [HP-7=111] The guard hits! [HP-8=103] The guard misses. [HP+5=108] The guard hits! [HP-15=93] The guard hits! [HP-20=73] The guard hits! [HP-4=69] The guard hits! [HP-4=65] The guard hits! [HP-9=56] The guard hits! [HP-15=41] The guard hits! [HP-9=32] The guard hits! [HP-17=15] The guard misses. [HP+5=20] The guard hits! [HP-14=6] The guard hits! You die... (2x) Final status: Goodbye Arrhythmia the Convict... You died in The Dungeons of Doom on dungeon level 9 with 26252 points, and 0 pieces of gold, after 9775 moves. You were level 14 with a maximum of 140 hit points when you died.